 Dungeon Crawl Stone Soup version 0.30-a0-381-g6ea064c7b4 (webtiles) character file.

Game seed: 17976353698025736151

189 lunkers the Digger (level 6, -1/55 (67) HPs)
             Began as a Meteoran Earth Elementalist on Dec 1, 2022.
             Was a Believer of Okawaru.
             Slain by Edmund
             ... wielding a +2 flail of draining
              (4 damage)
             ... on level 4 of the Dungeon.
             The game lasted 00:05:16 (1007 turns).

lunkers the Digger (Meteoran Earth Elementalist)    Turns: 1007, Time: 00:05:16

HP:   -1/55 (67)    AC: 23    Str: 10    XL:     6   Next: 21%
MP:   0/13          EV:  2    Int: 19    God:    Okawaru [**....]
Gold: 128           SH:  0    Dex: 14    Spells: 8/14 levels left

rFire   . . .      SeeInvis .    (no weapon)
rCold   . . .      Faith    .    (no shield)
rNeg    . . .      Spirit   .    (body armour currently unavailable)
rPois   +          Reflect  .    (helmet currently unavailable)
rElec   .          Harm     .    (cloak currently unavailable)
rCorr   .          Rampage  .    (gloves currently unavailable)
Will    .....      NoTele   +    (boots currently unavailable)
Stlth   +.........               (no amulet)
HPRegen 0.29/turn                (no ring)
MPRegen 0.13/turn                (no ring)

@: tree-form, glowing, heavily drained
A: stationary, stasis, torment immunity, boosted hp, sense surroundings 1,
otherworldly, glowing, explore regen
a: Renounce Religion, Heroism


You were on level 4 of the Dungeon.
You worshipped Okawaru.
Okawaru was pleased with you.
You were a tree.
You visited 1 branch of the dungeon, and saw 5 of its levels.

You collected 128 gold pieces.

Inventory:

Armour
 a - a +0 robe (melded)
Jewellery
 d - an amulet of faith
 e - an amulet of guardian spirit
Scrolls
 c - 2 scrolls of identify
 i - a scroll of vulnerability {unknown}
 j - a scroll of teleportation {unknown}
 k - a scroll of enchant armour {unknown}
 l - a scroll of poison {unknown}
 m - a scroll of amnesia {unknown}
Potions
 b - a potion of magic
 g - a potion of curing
 h - 2 potions of brilliance


   Skills:
 - Level 2.4 Dodging
 - Level 1.4 Stealth
 + Level 4.5 Spellcasting
 - Level 1.2 Transmutations
 * Level 6.4 Earth Magic


You had 8 spell levels left.
You knew the following spells:

 Your Spells              Type           Power      Damage    Failure   Level
a - Sandblast             Erth           56%        2d13      1%          1
b - Passwall              Tmut/Erth      15%        N/A       4%          2
c - Stone Arrow           Conj/Erth      32%        3d9       11%         3

Your spell library contained the following spells:

 Spells                   Type           Power      Damage    Failure   Level
 Petrify                  Tmut/Erth      18%        N/A       26%         4


Dungeon Overview and Level Annotations

Branches:
Dungeon (5/15) Zot: 1967
 Temple: D:4-7

Altars:
Fedhas
Okawaru

Annotations:
D:3 exclusion: oklob plant
D:4 Edmund
D:5 Grinder


Innate Abilities, Weirdness & Mutations

You are a tree.
Your roots penetrate the ground, keeping you stationary.
You cannot be teleported.
You are immune to unholy pain and torment.
Your maximum health is greatly increased.
Your equipment is partially melded.
You passively map a small area around you.
You are easily found by Zot.
You glow in the dark.
You regain HP and MP as you explore.


Message History

Grinder gestures at you. Something hits you!
* * * LOW HITPOINT WARNING * * *
You feel drained.
* * * LOW HITPOINT WARNING * * *
You climb upwards.
Reactivating autopickup.
There is a stone staircase leading down here.
Unknown command.
Something hits you.
* * * LOW HITPOINT WARNING * * *
You feel drained.
Deactivating autopickup; reactivate with Ctrl-A.
Okay, then.
Aiming: Sandblast (safe; 1% risk of failure)
Press: ? - help, Q - select action, (/) - cycle Shift-Dir - straight line, f - you That would be overly suicidal.
Okay, then.
Unknown command.
Aiming: Sandblast (safe; 1% risk of failure)
Press: ? - help, Q - select action, (/) - cycle Shift-Dir - straight line The blast of sand hits something but does no damage.
* * * LOW MAGIC WARNING * * *
Something hits you!
* * * LOW HITPOINT WARNING * * *
You feel drained.
* * * LOW HITPOINT WARNING * * *
Okay, then.
Okay, then.
Really quaff the potion of lignification?
You turn into a tree.
Your +0 robe melds into your body.
Your roots penetrate the ground.
Something hits you but does no damage.
You feel drained.
You cannot move.
You cannot move.
You cannot move.
You barely miss something. Something hits you but does no damage.
You feel drained.
You hit something. Something hits you.
You die...

.........#....#..................
#....#######............
##....##....#............
#...........#........####
#...........'........#...
#...........#........#...
#^....##....##########...
##.....##.....# #...
#......#{♣....# #...
#......#.>....# #...
#......#......# #...
#......#......# #...
############### ####


There were no monsters in sight!

Vanquished Creatures
  A scorpion (D:5)
  2 iguanas
  5 adders
  A worm (D:2)
  3 bats
  4 endoplasms
  2 giant cockroaches
  2 hobgoblins (D:1)
  2 quokkas
  A ball python (D:1)
  4 goblins (D:2)
  2 kobolds (D:2)
  A rat (D:1)
30 creatures vanquished.

Vanquished Creatures (others)
  21 toadstools (D:3)
21 creatures vanquished.

Grand Total: 51 creatures vanquished

Notes
Turn   | Place    | Note
-------+----------+-------------------------------------------
     0 | D:1      | lunkers the Meteoran Earth Elementalist began the quest for
                  | the Orb.
     0 | D:1      | Reached XP level 1. HP: 14/14 MP: 5/5
    68 | D:1      | Reached XP level 2. HP: 20/20 MP: 4/6
    79 | D:1      | Reached skill level 4 in Earth Magic
   171 | D:2      | Reached XP level 3. HP: 26/26 MP: 6/8
   269 | D:2      | Found a faded altar of an unknown god.
   281 | D:2      | Prayed at the altar of an unknown god.
   281 | D:2      | Became a worshipper of Warmaster Okawaru
   281 | D:2      | Reached * piety under Okawaru
   412 | D:2      | Reached XP level 4. HP: 33/33 MP: 6/10
   433 | D:3      | Learned a level 2 spell: Passwall
   437 | D:3      | Learned a level 3 spell: Stone Arrow
   529 | D:3      | Reached skill level 5 in Earth Magic
   653 | D:3      | Found a blossoming altar of Fedhas.
   672 | D:3      | Noticed an oklob plant
   894 | D:5      | Entered Level 5 of the Dungeon
   895 | D:5      | Noticed a scorpion
   899 | D:5      | Reached XP level 5. HP: 33/38 MP: 7/12
   903 | D:5      | Reached ** piety under Okawaru
   904 | D:5      | Reached skill level 6 in Earth Magic
   904 | D:5      | Reached XP level 6. HP: 27/45 MP: 4/13
   904 | D:5      | Noticed Grinder
   988 | D:5      | Noticed Edmund
  1007 | D:4      | Slain by Edmund

Illustrated notes

Levels and vault maps discovered:
D:1:      mrwooster_arrival_statue_3, layout_rooms
D:2:      layout_loops_ring, ebering_ecumenical_altar_ruins, minivault_26,
          uniq_sigmund
D:3:      layout_basic, tgw_fedhas
D:4:      layout_gridville, temple_doors_e
D:5:      layout_loops_ring, lemuel_coloured_pillars_altar,
          chequers_temple_overflow_minitemple, serial_shops,
          kennysheep_mini_moat, uniq_grinder, uniq_edmund

Skill      XL: |  1  2  3  4  5 |
---------------+----------------+-----
Earth Magic    | 4 5 6 |  6.4
Spellcasting   | 3 4 |  4.5
Dodging        | |  2.4
Stealth        | |  1.4
Transmutations | |  1.2

Action                   |  1- 3 |  4- 6 || total
-------------------------+-------+-------++-------
Melee: Unarmed           |       |     2 ||     2
 Cast: Sandblast         |    27 |    22 ||    49
       Stone Arrow       |       |     4 ||     4
  Use: Scroll            |       |     3 ||     3
       Potion            |       |     1 ||     1
Armor: Robe              |     1 |     2 ||     3
       Skin              |       |     2 ||     2
Dodge: Dodged            |     3 |     5 ||     8

Table legend: (Time is in decaauts)
 A = Elapsed time spent in this place.
 B = Non-inter-level travel time spent in this place.
 C = Inter-level travel time spent in this place.
 D = Time resting spent in this place.
 E = Time spent auto-exploring this place.
 F = Levels seen in this place.
 G = Mean time per level.
                   A        B        C        D        E       F      G
               +--------+--------+--------+--------+--------+-----+--------+
         Total |   1031 |    960 |     71 |      0 |    667 |   5 |  206.2 |
       Dungeon |   1031 |    960 |     71 |      0 |    667 |   5 |  206.2 |
               +--------+--------+--------+--------+--------+-----+--------+

Top non-repeatable levels by time:
     D:3: 287 daAuts
     D:4: 280 daAuts
     D:2: 259 daAuts
     D:1: 172 daAuts
     D:5: 31 daAuts
